 Dungeon Crawl Stone Soup version 0.31-a0-845-g9abc20d24f (webtiles) character file.

Game seed: 1794415879615329136

5533 Kurtz the Cleaver (level 10, -6/73 HPs)
             Began as an Octopode Fighter on Oct 1, 2023.
             Was an Elder of Okawaru.
             Mangled by a two-headed ogre
             ... wielding a +0 giant club
              (15 damage)
             ... on level 8 of the Dungeon.
             The game lasted 00:10:58 (8092 turns).

Kurtz the Cleaver (Octopode Fighter)                Turns: 8092, Time: 00:10:59

Health: -6/73      AC:  8    Str: 21    XL:     10   Next: 71%
Magic:  13/13      EV: 14    Int: 10    God:    Okawaru [****..]
Gold:   498        SH:  6    Dex: 17    Spells: 9/9 levels left

rFire   + . .        c - +0 flail (protect)
rCold   . . .        b - +0 buckler
rNeg    . . .        (helmet restricted)
rPois   .            B - amulet of regeneration
rElec   .            i - ring of resist corrosion
rCorr   +            k - ring of see invisible
SInv    +            m - ring of protection from fire
Will    .....        o - +6 ring of strength
Stlth   +++          (no ring)
HPRegen 1.12/turn    (no ring)
MPRegen 0.13/turn    (no ring)
                     (no ring)

%: no passive effects
@: under a protective aura
A: almost no armour, amphibious, 8 rings, camouflage 1, gelatinous body 1,
(nimble swimmer 1), tentacles
a: Renounce Religion, Heroism, Finesse


You were on level 8 of the Dungeon.
You worshipped Okawaru.
Okawaru was greatly pleased with you.
You visited 2 branches of the dungeon, and saw 10 of its levels.

You collected 558 gold pieces.
You spent 60 gold pieces at shops.

Inventory:

Hand Weapons
 a - a +0 war axe
 c - a +0 flail of protection (weapon)
 q - a +1 whip of venom
 z - a +3 flail
Missiles
 x - 6 poisoned darts
Armour
 b - a +0 buckler (worn)
Jewellery
 i - a ring of resist corrosion (left tentacle)
 k - a ring of see invisible (right tentacle)
 m - a ring of protection from fire (on tentacle)
 o - a +6 ring of strength (on tentacle)
 w - a ring of fire
 B - an amulet of regeneration (around mantle)
 F - a +6 ring of dexterity
Talismans
 n - a beast talisman
Wands
 r - a wand of iceblast (8) (quivered)
 H - a wand of mindburst (6)
Scrolls
 d - a scroll of brand weapon {unknown}
 e - 2 scrolls of fog
 f - 6 scrolls of teleportation
 h - 3 scrolls of fear
 p - 2 scrolls of blinking
 u - a scroll of noise
 y - a scroll of vulnerability
 D - a scroll of silence
 E - a scroll of enchant weapon {unknown}
 G - a scroll of immolation {unknown}
 I - a scroll of poison {unknown}
Potions
 g - a potion of haste
 j - 2 potions of curing
 l - 5 potions of heal wounds {unknown}
 s - a potion of cancellation
 t - 2 potions of attraction {unknown}
 v - a potion of degeneration {unknown}
 A - a potion of might
 C - 2 potions of mutation {unknown}


   Skills:
 * Level 8.4 Fighting
 * Level 11.3 Axes
 - Level 3.0 Dodging
 + Level 5.0 Shields
 * Level 4.8 Invocations
 * Level 4.0 Shapeshifting


You had 9 spell levels left.
You didn't know any spells.
Your spell library contained the following spells:

 Spells                   Type           Power      Damage    Failure   Level
 Slow                     Hex            0%         N/A       41%         1
 Cigotuvi's Dreadful Rot  Necr/Pois/Air  0%         N/A       56%         2
 Confusing Touch          Hex            0%         N/A       80%         3
 Ignite Poison            Fire/Tmut/Pois 0%         N/A       80%         3
 Sigil of Binding         Hex            0%         N/A       80%         3
 Vampiric Draining        Necr           0%         2d6       80%         3
 Freezing Cloud           Conj/Ice/Air   0%         6-21      100%        5


Dungeon Overview and Level Annotations

Branches:
Dungeon (9/15)             Temple (1/1) D:4
   Lair: D:8-11         Orc: D:9-12

Altars:
Ashenzari
Cheibriados
Dithmenos
Elyvilon
Fedhas
Hepliaklqana
Kikubaaqudgha
Makhleb
Nemelex Xobeh
Okawaru
Qazlal
Ru
Sif Muna
Trog
Uskayaw
Vehumet
Wu Jian
Xom
Yredelemnul
Zin
The Shining One

Shops:
D:3 ?

Annotations:
D:3 exclusion: downstairs
D:7 exclusion: centaur, Dowan, Duvessa
D:8 exclusion: downstairs


Innate Abilities, Weirdness & Mutations

You cannot wear most types of armour.
You are amphibious.
You can wear up to eight rings at the same time.
Your skin changes colour to match your surroundings (Stealth+).
Your rubbery body absorbs attacks. (AC +1, EV +1)
((You are camouflaged when in or above water. (Stealth+)))
You have tentacles for arms and can constrict up to eight enemies at once.


Message History

A two-headed ogre is nearby!
Aiming: Iceblast
Press: ? - help, Q - select action, (/) - cycle Shift-Dir - straight line, f - two-headed ogre
Aim: a two-headed ogre, wielding two +0 giant clubs The mass of ice explodes!
The iceblast engulfs the two-headed ogre!
The two-headed ogre is lightly wounded.
Aiming: Iceblast
Press: ? - help, Q - select action, (/) - cycle Shift-Dir - straight line, f/p - two-headed ogre
Aim: a two-headed ogre, wielding two +0 giant clubs (lightly wounded)
The mass of ice explodes!
The iceblast engulfs the two-headed ogre!
The two-headed ogre is moderately wounded.
Aiming: Iceblast
Press: ? - help, Q - select action, (/) - cycle Shift-Dir - straight line, f/p - two-headed ogre
Aim: a two-headed ogre, wielding two +0 giant clubs (moderately wounded)
The mass of ice explodes!
The iceblast engulfs the two-headed ogre!
The two-headed ogre is heavily wounded.
You thump the two-headed ogre!
Your weapon exudes an aura of protection.
You squeeze the two-headed ogre.
The two-headed ogre is almost dead.
The two-headed ogre hits you with a +0 giant club!! x2
* * * LOW HITPOINT WARNING * * *
Unknown command.
You barely miss the two-headed ogre.
The two-headed ogre is almost dead.
You hit the two-headed ogre.
You squeeze the two-headed ogre, but do no damage.
The two-headed ogre is almost dead.
The two-headed ogre hits you with a +0 giant club!
* * * LOW HITPOINT WARNING * * *
You block the two-headed ogre's attack.
Unknown command.
You hit the two-headed ogre but do no damage.
The two-headed ogre is almost dead.
The two-headed ogre barely misses you.
The two-headed ogre hits you with a +0 giant club!
You die...

. #.##.#... #.
#.#....#.## #######
#. #.#.......#
#...... #.
#......>..# #.#####
#O
###.#####.###.#....
#. #.).))....#.#....
#. #...)##.#.#)#####
#.#######.#.##.#.#.#
#.....O@..#.##.#.#.#
####.........#...#.#
#.#############.# #.#
#...........#
#.###.###############
#.##..........# #....
#.##..........# #....
#.##..........# #....
#.###.###...### #....


You could see a two-headed ogre.

Vanquished Creatures
  A two-headed ogre (D:9)
  Pikel (D:4)
  Maggie (D:6)
  A troll (D:8)
  Sigmund (D:2)
  A shadow (D:9)
  2 wyverns
  2 yaks
  Edmund (D:4)
  A water moccasin (D:7)
  2 sky beasts
  2 orc warriors
  An ice beast (D:7)
  An ogre (D:6)
  2 phantoms
  A lemure (D:3)
  2 kobold brigands
  7 bullfrogs
  2 scorpions
  11 wights
  An electric eel (D:9)
  A lava snake (D:9)
  A crimson imp (D:6)
  4 jellies
  3 orc priests
  Natasha (twice) (D:2)
  4 iguanas
  8 orc wizards
  3 gnolls (D:7)
  10 adders
  3 white imps
  An ufetubus (D:5)
  A worm (D:4)
  5 dart slugs
  19 orcs
  8 ball pythons
  7 endoplasms
  6 giant cockroaches
  3 hobgoblins
  5 jackals
  16 kobolds
  4 quokkas
  3 bats
  3 frilled lizards
  13 goblins
  11 rats
188 creatures vanquished.

Vanquished Creatures (others)
  A wizard (D:6)
  A kobold (D:9)
2 creatures vanquished.

Grand Total: 190 creatures vanquished

Notes
Turn   | Place    | Note
-------+----------+-------------------------------------------
     0 | D:1      | Kurtz the Octopode Fighter began the quest for the Orb.
     0 | D:1      | Reached XP level 1. HP: 16/16 MP: 1/1
    23 | D:1      | Upgraded the game from 0.31-a0-844-gdc52ec4e09 to
                  | 0.31-a0-845-g9abc20d24f
   157 | D:1      | Reached XP level 2. HP: 13/21 MP: 2/2
   215 | D:1      | Reached skill level 3 in Axes
   351 | D:1      | Reached XP level 3. HP: 26/26 MP: 3/3
   909 | D:2      | Noticed Sigmund
   913 | D:2      | Killed Sigmund
   914 | D:2      | Reached skill level 5 in Axes
   914 | D:2      | Reached XP level 4. HP: 24/31 MP: 4/4
   914 | D:2      | Reached XP level 5. HP: 28/36 MP: 5/5
   978 | D:2      | Found a faded altar of an unknown god.
  1013 | D:2      | Reached skill level 6 in Axes
  1176 | D:2      | Reached XP level 6. HP: 41/42 MP: 6/6
  1270 | D:2      | Noticed Natasha
  1277 | D:2      | Killed Natasha
  1413 | D:2      | Found a stormy altar of Qazlal.
  1433 | D:2      | Noticed Natasha
  1447 | D:2      | Killed Natasha
  1556 | D:3      | Found Deqat's Magic Scroll Shoppe.
  1573 | D:3      | Bought a scroll of identify for 24 gold pieces
  1573 | D:3      | Bought a scroll of teleportation for 36 gold pieces
  2110 | D:3      | Identified the +5 dagger "Cuxkuofu" {chaos, rPois rCorr
                  | MP+9 Dex+2}
  2531 | D:4      | Noticed Edmund
  2532 | D:4      | Found a staircase to the Ecumenical Temple.
  2558 | D:4      | Killed Edmund
  2559 | D:4      | Reached skill level 7 in Axes
  2559 | D:4      | Reached XP level 7. HP: 46/46 MP: 7/7
  2572 | Temple   | Entered the Ecumenical Temple
  2587 | Temple   | Became a worshipper of Warmaster Okawaru
  2631 | D:4      | Noticed Pikel
  3102 | D:4      | Found a white marble altar of Elyvilon.
  3107 | D:4      | Killed Pikel
  3107 | D:4      | Reached * piety under Okawaru
  3108 | D:4      | Reached skill level 8 in Axes
  3108 | D:4      | Reached skill level 1 in Invocations
  3108 | D:4      | Reached skill level 1 in Shapeshifting
  3108 | D:4      | Reached XP level 8. HP: 42/54 MP: 7/9
  3215 | D:4      | Found a burning altar of Makhleb.
  3374 | D:5      | Entered Level 5 of the Dungeon
  3383 | D:5      | Found a shimmering blue altar of Sif Muna.
  3389 | D:5      | Reached ** piety under Okawaru
  3824 | D:5      | Reached skill level 9 in Axes
  4112 | D:5      | Identified the +2 buckler of the Stained God {Harm +Inv
                  | Str+5 Slay-6}
  4878 | D:6      | Noticed Maggie
  5069 | D:7      | Reached XP level 9. HP: 59/59 MP: 9/11
  5096 | D:7      | Identified the +3 scale mail of Servitude {Harm rPois
                  | Str+2}
  5112 | D:7      | Reached skill level 10 in Axes
  5118 | D:7      | Reached skill level 5 in Fighting
  5297 | D:7      | Reached *** piety under Okawaru
  5674 | D:7      | Noticed Duvessa
  5674 | D:7      | Noticed Dowan
  6053 | D:6      | Found a hazy altar of Hepliaklqana.
  6084 | D:6      | Found a broken altar of Ashenzari.
  6157 | D:6      | Found a bloodstained altar of Trog.
  6159 | D:6      | Noticed a wizard
  6163 | D:6      | Killed a wizard
  6211 | D:6      | Killed Maggie
  6211 | D:6      | Reached **** piety under Okawaru
  6546 | D:7      | Reached XP level 10. HP: 58/69 MP: 12/12
  6958 | D:8      | Reached skill level 11 in Axes
  7582 | D:9      | Found a snail-covered altar of Cheibriados.
  7745 | D:9      | Found a shimmering altar of Xom.
  7780 | D:9      | Noticed a two-headed ogre
  7784 | D:9      | Killed a two-headed ogre
  7784 | D:9      | Reached ***** piety under Okawaru
  8017 | D:8      | Reached skill level 5 in Shields
  8080 | D:8      | Noticed a two-headed ogre
  8092 | D:8      | Mangled by a two-headed ogre

Illustrated notes

Levels and vault maps discovered:
D:1:      elethiomel_arrival_diamonds, layout_basic
D:2:      layout_loops_cross, shapermc_ecumenical_altar_starsandcircs,
          basic_altar, uniq_natasha, uniq_sigmund
D:3:      layout_basic, serial_shops, shop
D:4:      layout_basic, lightli_temple_of_fire, elyvilon_altar_5,
          minmay_temple_entry_stoned_glass, uniq_edmund, uniq_pikel
D:5:      layout_basic, nicolae_sif_muna_condensation, dk_rats_in_the_wall
D:6:      layout_basic, mainiacjoe_overflow_tiny_flanked, trog_wizard,
          worldfamousw_hep_ancestral_shrine, hangedman_decor_riveting,
          minmay_fire_ice_demons, uniq_maggie
D:7:      layout_basic, uniq_duvessa
D:8:      layout_basic
D:9:      nicolae_moon_pools, layout_rooms, general_overflow_altar,
          mainiacjoe_overflow_catch_the_wave, uniq_erolcha
Temple:   cyrus_circular_temple

Skill      XL: |  1  2  3  4  5  6  7  8  9 10 |
---------------+-------------------------------+-----
Axes           | 3 5 6 7 8 9 10 11 | 11.3
Invocations    | 1 2 3 4 |  4.8
Shapeshifting  | 1 2 3 4 |  4.0
Fighting       | 4 6 8 |  8.4
Shields        | 4 5 |  5.0
Dodging        | |  3.0

Action                     |  1- 3 |  4- 6 |  7- 9 | 10-12 || total
---------------------------+-------+-------+-------+-------++-------
  Melee: War axe           |    74 |    65 |    10 |       ||   149
         Constrict         |    21 |    13 |    43 |    16 ||    93
         Tentacles         |     9 |    11 |    60 |    30 ||   110
         Punch             |     2 |     1 |     5 |     4 ||    12
         Whip              |       |       |    90 |       ||    90
         Flail             |       |       |   115 |   101 ||   216
  Throw: Throwing net      |       |     1 |       |       ||     1
 Invoke: Heroism           |       |       |     1 |     1 ||     2
         Finesse           |       |       |       |     1 ||     1
  Evoke: Wand              |       |       |     9 |    15 ||    24
    Use: Scroll            |       |     2 |     2 |     6 ||    10
         Potion            |       |     1 |       |     2 ||     3
   Stab: Sleeping          |    13 |     7 |     6 |     1 ||    27
 Armour: Skin              |    28 |    17 |    75 |    52 ||   172
  Dodge: Dodged            |    40 |    24 |   107 |    61 ||   232
  Block: Buckler           |     8 |    12 |    43 |    27 ||    90

Table legend: (Time is in decaauts)
 A = Elapsed time spent in this place.
 B = Non-inter-level travel time spent in this place.
 C = Inter-level travel time spent in this place.
 D = Time resting spent in this place.
 E = Time spent auto-exploring this place.
 F = Levels seen in this place.
 G = Mean time per level.
                   A        B        C        D        E       F      G
               +--------+--------+--------+--------+--------+-----+--------+
         Total |   8167 |   7570 |    597 |    666 |   5495 |  10 |  816.7 |
       Dungeon |   8144 |   7554 |    590 |    666 |   5495 |   9 |  904.9 |
        Temple |     22 |     15 |      7 |      0 |      0 |   1 |   22.0 |
               +--------+--------+--------+--------+--------+-----+--------+

Top non-repeatable levels by time:
     D:7: 1512 daAuts
     D:5: 1080 daAuts
     D:3: 1017 daAuts
     D:1: 937 daAuts
     D:4: 932 daAuts
     D:6: 896 daAuts
     D:8: 848 daAuts
     D:2: 650 daAuts
     D:9: 269 daAuts
  Temple: 22 daAuts
